 Dungeon Crawl Stone Soup version 0.19-a0-585-ge40200b (webtiles) character file.

2518 shmeve the Skirmisher (level 9, -19/72 HPs)
             Began as a Vampire Berserker on June 10, 2016.
             Was a High Priest of Trog.
             Demolished by Erolcha
             ... wielding a +0 giant club
              (26 damage)
             ... on level 8 of the Dungeon.
             The game lasted 00:18:45 (6285 turns).

shmeve the Skirmisher (Vampire Berserker)           Turns: 6285, Time: 00:18:46

Health: -19/72     AC: 17    Str: 18    XL:     9   Next: 29%
Magic:  9/9        EV: 10    Int:  9    God:    Trog [*****.]
Gold:   464        SH:  0    Dex: 15    Spells: 0 memorised, 8 levels left

rFire  . . .     SeeInvis +     x - +1 broad axe (venom)
rCold  . . .     Gourm    .     u - +0 chain mail
rNeg   . . .     Faith    .     (no shield)
rPois  .         Spirit   .     y - +2 helmet
rElec  .         Dismiss  .     l - +2 cloak
rCorr  .         Reflect  .     (no gloves)
SustAt .         Harm     .     F - +0 pair of boots
MR     .....                    (no amulet)
Stlth  ..........               (no ring)
                                j - ring of flight

@: confused, exhausted, regenerating quickly, slowed, very slow, not resistant
to hostile enchantments, extremely unstealthy
A: fangs 3, see invisible, unbreathing
a: Berserk, Trog's Hand, Brothers in Arms, Burn Spellbooks, Renounce Religion,
Evoke Flight


You were on level 8 of the Dungeon.
You worshipped Trog.
Trog was extremely pleased with you.
You were very full.

You visited 1 branch of the dungeon, and saw 8 of its levels.
You also visited: Sewer.

You collected 464 gold pieces.

Inventory:

Hand Weapons
 x - a +1 broad axe of venom (weapon)
Armour
 l - a +2 cloak (worn)
 u - a +0 chain mail (worn)
 y - a +2 helmet (worn)
 F - a +0 pair of boots (worn)
Jewellery
 j - a ring of flight (left hand)
Wands
 b - a wand of polymorph (13/24)
 v - a wand of digging (12/24)
 E - a wand of disintegration (11/24)
 G - a wand of flame (21/48)
Scrolls
 d - 2 scrolls of recharging {unknown}
 e - 2 scrolls of remove curse
 i - 3 scrolls of enchant weapon {unknown}
 k - 2 scrolls of amnesia {unknown}
 m - 2 scrolls of enchant armour {unknown}
 o - 11 scrolls of identify {unknown}
 p - 4 scrolls of magic mapping
 r - 7 scrolls of teleportation
 s - 2 scrolls of immolation {unknown}
 w - 3 scrolls of blinking {unknown}
 C - 2 scrolls of fear {unknown}
 H - a scroll of fog {unknown}
Potions
 a - 2 potions of lignification {unknown}
 c - 19 potions of blood
 f - 4 potions of curing {unknown}
 g - 2 potions of degeneration {unknown}
 h - a potion of brilliance {unknown}
 n - a potion of ambrosia {unknown}
 q - 2 potions of heal wounds
 t - a potion of resistance {unknown}
 z - a potion of agility
 A - a potion of invisibility {unknown}
 B - a potion of flight {unknown}
 D - a potion of haste {unknown}


   Skills:
 * Level 7.5 Fighting
 * Level 6.9 Axes
 + Level 4.4 Armour
 + Level 6.1 Dodging


You had 8 spell levels left.
You didn't know any spells.

Dungeon Overview and Level Annotations

Branches:
Dungeon (8/15)             Temple (0/1) D:7
   Lair: D:8-11

Altars:
Ashenzari
Elyvilon
Fedhas
Makhleb
Vehumet
The Shining One
Beogh

Annotations:
D:8 Erolcha


Innate Abilities, Weirdness & Mutations

Your natural rate of healing is unusually fast.
You have razor-sharp teeth.
You have supernaturally acute eyesight. (SInv)
You can survive without breathing.


Message History

Erolcha points at you and mumbles some strange words.
You are confused.
The gnoll barely misses you.
Erolcha growls.
Erolcha barely misses you. The gnoll closely misses you.
You see here a flail.
Your chain mail prevents you from hitting Erolcha.
Erolcha is severely wounded.
Erolcha closely misses you.
The gnoll hits you from afar with a spear.
The gnoll hits you but does no damage. Erolcha hits you with a giant club!
Unknown command.
You closely miss Erolcha.
Erolcha is severely wounded.
The gnoll hits you from afar with a spear.
Erolcha hits you with a giant club!!
* * * LOW HITPOINT WARNING * * *
The gnoll barely misses you. Erolcha hits you with a giant club!!
You die...

#.....'......#+###
#...
#.....#...........
#...
+.....#...........
+....
##....#...........
#....
#....#######.....
#.....
#..........######
#.....##..........
......gO).........
......)@..........
..................
#.....########..(.
#..... .... #.....
.. +.... #....
####


You could see Erolcha and a gnoll.

Vanquished Creatures
  Grinder (D:4)
  Eustachio (D:4)
  Edmund (D:5)
  A water moccasin (D:6)
  2 sky beasts (D:7)
  An ice beast (D:6)
  An ogre (D:7)
  A big kobold (D:7)
  Blork the orc (D:4)
  3 giant frogs
  A gnoll sergeant (D:8)
  A wyvern skeleton (D:3)
  2 scorpions
  A howler monkey (D:7)
  A hound (D:2)
  4 jellies (D:5)
  A quasit (D:5)
  5 orc wizards
  5 orc priests
  Ijyb (D:2)
  4 worker ants
  A hound zombie (D:6)
  Robin (D:2)
  9 adders
  4 gnolls (D:8)
  A river rat (D:5)
  3 shadow imps
  2 oozes
  2 adder zombies
  3 worms
  2 dart slugs (D:1)
  9 giant geckos
  28 orcs
  8 giant cockroaches
  22 goblins
  12 hobgoblins
  26 jackals
  4 quokkas
  3 ball pythons
  11 bats
  8 giant newts
  A jackal skeleton (D:4)
  16 kobolds
  A quokka skeleton (D:5)
  6 rats
222 creatures vanquished.

Notes
Turn   | Place    | Note
--------------------------------------------------------------
     0 | D:1      | shmeve the Vampire Berserker began the quest for the Orb.
     0 | D:1      | Reached XP level 1. HP: 17/17 MP: 1/1
   308 | D:1      | Reached skill level 3 in Fighting
   308 | D:1      | Reached XP level 2. HP: 21/24 MP: 2/2
   651 | D:1      | Reached XP level 3. HP: 10/29 MP: 3/3
   658 | D:1      | Reached ** piety under Trog
  1074 | D:2      | Noticed Robin
  1083 | D:2      | Reached XP level 4. HP: 36/36 MP: 4/4
  1086 | D:2      | Killed Robin
  1315 | D:2      | Found a blossoming altar of Fedhas.
  1345 | D:2      | Noticed Ijyb
  1357 | D:2      | Killed Ijyb
  1399 | D:2      | Found a burning altar of Makhleb.
  1422 | D:2      | Reached skill level 4 in Fighting
  1422 | D:2      | Reached XP level 5. HP: 24/42 MP: 5/5
  1521 | D:2      | Reached *** piety under Trog
  2226 | D:3      | Reached XP level 6. HP: 27/49 MP: 6/6
  2387 | D:3      | Found a glowing golden altar of the Shining One.
  2391 | D:3      | Reached **** piety under Trog
  2393 | D:3      | Found a white marble altar of Elyvilon.
  2395 | D:3      | Found a burning altar of Makhleb.
  2566 | D:3      | Found a radiant altar of Vehumet.
  3298 | D:4      | Noticed Blork the orc
  3306 | D:4      | Killed Blork the orc
  3361 | D:4      | Found a roughly hewn altar of Beogh.
  3465 | D:4      | Found a shattered altar of Ashenzari.
  3535 | D:4      | Noticed Grinder
  3564 | D:4      | Killed Grinder
  3564 | D:4      | Reached skill level 5 in Fighting
  3564 | D:4      | Reached XP level 7. HP: 27/56 MP: 7/7
  3709 | D:4      | Noticed Eustachio
  3718 | D:4      | Killed Eustachio
  3718 | D:4      | Reached skill level 5 in Axes
  4000 | D:5      | Entered Level 5 of the Dungeon
  4128 | D:5      | Reached XP level 8. HP: 64/64 MP: 8/8
  4219 | D:5      | Reached skill level 6 in Fighting
  4219 | D:5      | Reached skill level 5 in Dodging
  4480 | D:5      | Noticed Edmund
  4494 | D:5      | Killed Edmund
  4496 | D:5      | Found a blossoming altar of Fedhas.
  4551 | D:5      | Found a glowing drain.
  4561 | Sewer    | Entered a sewer
  4608 | Sewer    | Reached ***** piety under Trog
  5766 | D:7      | Reached skill level 7 in Fighting
  5766 | D:7      | Reached XP level 9. HP: 49/72 MP: 9/9
  5859 | D:7      | Found a staircase to the Ecumenical Temple.
  6234 | D:8      | Received a gift from Trog
  6268 | D:8      | Noticed Erolcha
  6285 | D:8      | Demolished by Erolcha

Vault maps used:
D:1:      dpeg_arrival_simpleton_c, minmay_misc_feat_ornament
D:2:      kennysheep_goblin_castle, fedhas_altar_3, makhleb_heckhound_becter,
          uniq_iyjb
D:3:      vehumet_crystals, grunt_temple_overflow_open, minmay_door_square,
          serial_bayou_lagoon_a
D:4:      lemuel_crystal_altar, hangedman_abyss_or_decor_stagger,
          kennysheep_orc_chapel, uniq_grinder, uniq_blork_the_orc,
          uniq_eustachio
D:5:      gup_sewer_entry_bubbles, serial_corexii_hall, corexii_hall_statues_x,
          corexii_hall_statues_l, corexii_hall_statues_l,
          corexii_hall_statues_deadend, first_bread, basic_altar,
          corexii_item_surrounded_by_moat, uniq_edmund
D:6:      kennysheep_generic_room_7
D:7:      temple_green
D:8:      serial_shops, shop, shop, uniq_erolcha, uniq_pikel
Sewer:    sewer_fruit_machine

Skill      XL: |  1  2  3  4  5  6  7  8  9 |
---------------+----------------------------+-----
Fighting       | 3 4 5 7 |  7.5
Axes           | 3 4 5 6 |  6.9
Dodging        | 3 4 5 6 |  6.1
Armour         | 2 3 4 |  4.4

Action                   |  1- 3 |  4- 6 |  7- 9 || total
-------------------------+-------+-------+-------++-------
Melee: Hand axe          |   104 |   257 |    17 ||   378
       Bite              |    14 |    30 |    36 ||    80
       Broad axe         |       |       |   243 ||   243
Invok: Berserk           |     1 |     4 |     3 ||     8
       Trog's Hand       |     1 |     1 |       ||     2
       Burn Spellbooks   |       |       |     3 ||     3
  Use: Potion            |       |     7 |    17 ||    24
       Scroll            |       |       |     4 ||     4
 Stab: Sleeping          |     1 |       |       ||     1
  Eat: Corpse            |    12 |    18 |     5 ||    35
Armor: Animal skin       |    30 |       |       ||    30
       Ring mail         |    16 |    68 |       ||    84
       Chain mail        |       |    67 |   207 ||   274
Dodge: Dodged            |   115 |   164 |   195 ||   474
